 Dungeon Crawl Stone Soup version 0.24-a0-520-g8fd06ad0bc (webtiles) character file.

Game seed: 15500166704099850762

313614 Nico3ck the Warrior (level 20, -21/168 HPs)
             Began as a Demonspawn Gladiator on July 24, 2019.
             Was a Priest of Makhleb.
             Demolished by a shadow (24 damage)
             ... summoned by a curse skull
             ... on level 1 of the Crypt.
             The game lasted 01:55:31 (45862 turns).

Nico3ck the Warrior (Demonspawn Gladiator)         Turns: 45862, Time: 01:55:31

Health: -21/168    AC: 22    Str: 15    XL:     20   Next: 47%
Magic:  0/39       EV: 23    Int: 16    God:    Makhleb [***...]
Gold:   2016       SH: 13    Dex: 20    Spells: 27/33 levels left

rFire    + + .     SeeInvis .   a - +8 demon trident of the Imperium {elec, rC+ MP+9}
rCold    + + .     Gourm    .   B - +3 buckler of Greed {rF+}
rNeg     + . .     Faith    .   K - +4 troll leather armour
rPois    +         Spirit   +   (helmet unavailable)
rElec    .         Reflect  +   R - +2 cloak {MR+}
rCorr    .         Harm     .   L - +0 pair of gloves of Lilacs {*Contam rPois rN+}
MR       +++..                  O - +2 pair of boots {Stlth+}
Stlth    ++++++++..             S - amulet of Rifaih {Reflect rF+ MR+ Dex+3 SH+4}
HPRegen  0.78/turn              (no ring)
MPRegen  0.52/turn              T - ring of protection from cold

@: flayed, slowed, very slow
A: horns 3, thin metallic scales 2, nightstalker 3, augmentation 1, magic
shield, magic regeneration
}: 2/15 runes: decaying, gossamer
a: Minor Destruction, Lesser Servant of Makhleb, Renounce Religion


You were on level 1 of the Crypt.
You worshipped Makhleb.
Makhleb was most pleased with you.
You were hungry.

You visited 9 branches of the dungeon, and saw 38 of its levels.
You also visited: Ossuary.

You collected 4294 gold pieces.
You spent 2278 gold pieces at shops.

Inventory:

Hand Weapons
 a - the +8 demon trident of the Imperium (weapon) {elec, rC+ MP+9}
   (You bought it in a shop on level 8 of the Dungeon)

   Occasionally, upon striking a foe, it will discharge some electrical energy
   and cause terrible harm.
   It protects you from cold.
   It affects your magic capacity (+9).
 b - a +4 hand crossbow of velocity
 l - the +2 rapier "Ilettoso" {pierce, +Rage rElec MR+ Str+6}
   (You found it on level 3 of the Vaults)

   It inflicts extra damage upon your enemies.
   It affects your strength (+6).
   It insulates you from electricity.
   It affects your resistance to hostile enchantments.
   It lets you go berserk.
Missiles
 z - 690 bolts
Armour
 B - the +3 buckler of Greed (worn) {rF+}
   (You found it on level 4 of the Dungeon)

   It protects you from fire.
 C - a scarf of cloud immunity
 K - a +4 troll leather armour (worn)
 L - the +0 pair of gloves of Lilacs (worn) {*Contam rPois rN+}
   (You found it on level 1 of the Lair of Beasts)

   It protects you from poison.
   It protects you from negative energy.
   It causes magical contamination when unequipped.
 O - a +2 pair of boots of stealth (worn)
 Q - a +3 plate armour of magic resistance
 R - a +2 cloak of magic resistance (worn)
 Y - the +2 pair of gloves "Xaept" {Regen+ Stlth+}
   (Okawaru gifted it to you on level 2 of the Orcish Mines)

   It increases your rate of regeneration.
   It makes you more stealthy.
Jewellery
 S - the amulet of Rifaih (around neck) {Reflect rF+ MR+ Dex+3 SH+4}
   (You found it on level 10 of the Dungeon)

   [amulet of reflection]

   It shields you and reflects attacks.
   It affects your dexterity (+3).
   It protects you from fire.
   It affects your resistance to hostile enchantments.
   It affects your SH (+4).
 T - a ring of protection from cold (right hand)
Wands
 d - a wand of scattershot (14)
 t - a wand of polymorph (6)
 v - a wand of iceblast (21)
 J - a wand of acid (20)
 P - a wand of clouds (6)
 X - a wand of paralysis (37)
 Z - a wand of enslavement (7)
Scrolls
 h - 3 scrolls of fear
 i - 17 scrolls of remove curse
 j - a scroll of summoning
 k - 6 scrolls of magic mapping
 n - 4 scrolls of blinking
 p - 4 scrolls of identify
 w - 21 scrolls of teleportation
 x - 6 scrolls of immolation
 y - 4 scrolls of fog
 F - 2 scrolls of enchant armour
Potions
 c - 11 potions of curing
 e - 4 potions of mutation
 g - 3 potions of magic
 m - 7 potions of haste
 o - 4 potions of ambrosia
 q - 5 potions of cancellation
 u - 3 potions of resistance
 D - 6 potions of flight
 E - 5 potions of might
 G - 4 potions of agility
 M - 3 potions of berserk rage
 N - a potion of heal wounds
Miscellaneous
 W - 3 phantom mirrors
Comestibles
 f - 53 rations


   Skills:
 + Level 17.3 Fighting
   Level 11.0(13.3) Axes
 - Level 12.5(14.0) Polearms
 - Level 12.0 Crossbows
 - Level 2.0 Throwing
 + Level 13.6 Armour
 + Level 13.6 Dodging
 - Level 8.0 Stealth
 - Level 4.0 Shields
 - Level 7.0 Spellcasting
 - Level 8.0 Conjurations
 - Level 8.0 Hexes
 * Level 3.6 Charms
 - Level 9.0 Invocations
 - Level 2.1 Evocations


You had 27 spell levels left.
You knew the following spells:

 Your Spells              Type           Power        Failure   Level  Hunger
a - Dazzling Spray        Conj/Hex       ####..       1%          3    ##.....
b - Spectral Weapon       Hex/Chrm       ###.....     4%          3    ##.....

Your spell library contained the following spells:

 Spells                   Type           Power        Failure   Level  Hunger
 Corona                   Hex            ####...      1%          1    None
 Magic Dart               Conj           ####         1%          1    None
 Slow                     Hex            ####....     1%          2    None
 Confuse                  Hex            ####....     1%          3    ##.....
 Tukima's Dance           Hex            ####....     1%          3    ##.....
 Flame Tongue             Conj/Fire      ###..        2%          1    None
 Shock                    Conj/Air       ###.         2%          1    None
 Infusion                 Chrm           ###.         3%          1    None
 Ensorcelled Hibernation  Hex/Ice        ###...       4%          2    None
 Song of Slaying          Chrm           ###.....     4%          2    None
 Throw Flame              Conj/Fire      ###...       4%          2    None
 Throw Frost              Conj/Ice       ###...       4%          2    None
 Conjure Flame            Conj/Fire      ###.....     9%          3    ##.....
 Inner Flame              Hex/Fire       ###.....     9%          3    ##.....
 Static Discharge         Conj/Air       ###.....     9%          3    ##.....
 Shroud of Golubria       Chrm/Tloc      ##....       11%         2    None
 Swiftness                Chrm/Air       ##......     11%         2    None
 Freeze                   Ice            #...         14%         1    None
 Summon Butterflies       Summ           #.......     14%         1    None
 Mephitic Cloud           Conj/Pois/Air  ##......     14%         3    ##.....
 Ozocubu's Armour         Chrm/Ice       ##......     21%         3    ##.....
 Regeneration             Chrm/Necr      ##........   21%         3    ##.....
 Blink                    Tloc           N/A          22%         2    None
 Call Imp                 Summ           #.......     22%         2    None
 Sticky Flame             Conj/Fire      ###.....     26%         4    ####...
 Throw Icicle             Conj/Ice       ###.....     26%         4    ####...
 Call Canine Familiar     Summ           #.......     38%         3    ##.....
 Recall                   Summ/Tloc      N/A          38%         3    ##.....
 Fireball                 Conj/Fire      ###.......   58%         5    #####..
 Lightning Bolt           Conj/Air       ###.......   58%         5    #####..
 Silence                  Hex/Air        ###.......   58%         5    #####..
 Summon Mana Viper        Hex/Summ       ###.....     58%         5    #####..
 Darkness                 Hex            ####......   63%         6    #######
 Airstrike                Air            #.........   80%         4    ####...
 Summon Ice Beast         Ice/Summ       #.......     80%         4    ####...
 Aura of Abjuration       Summ           #.........   98%         5    #####..
 Borgnjor's Vile Clutch   Necr/Erth      #.........   98%         5    #####..
 Summon Demon             Summ           #.........   98%         5    #####..
 Summon Forest            Summ/Tloc      #.........   98%         5    #####..
 Poison Arrow             Conj/Pois      ###.......   99%         6    #######
 Shadow Creatures         Summ           N/A          100%        6    #######
 Summon Hydra             Summ           #.........   100%        7    #######
 Chain Lightning          Conj/Air       ###.......   100%        8    #######
 Ignition                 Fire           #.........   100%        8    #######
 Lehudib's Crystal Spear  Conj/Erth      ###.......   100%        8    #######
 Fire Storm               Conj/Fire      ###.......   100%        9    #######
 Glaciate                 Conj/Ice       ###.......   100%        9    #######
 Shatter                  Erth           #.........   100%        9    #######
 Tornado                  Air            #.........   100%        9    #######


Dungeon Overview and Level Annotations

Branches:
Dungeon (15/15)            Temple (1/1) D:5            Lair (6/6) D:11
  Swamp (4/4) Lair:3       Spider (4/4) Lair:4        Slime (1/5) Lair:6
    Orc (2/2) D:9             Elf (0/3) Orc:2        Vaults (4/5) D:13
  Crypt (1/3) Vaults:3     Depths (0/5) D:15

Altars:
Ashenzari
Cheibriados
Dithmenos
Elyvilon
Fedhas
Gozag
Hepliaklqana
Kikubaaqudgha
Makhleb
Nemelex Xobeh
Okawaru
Qazlal
Ru
Sif Muna
Trog
Uskayaw
Vehumet
Wu Jian
Xom
Yredelemnul
Zin
The Shining One
Jiyva

Shops:
D:8 (   D:9 ?   Orc:2 %![:   Vaults:4 *

Portals:
Hell: Lair:6
Pandemonium: Orc:2


Innate Abilities, Weirdness & Mutations

You have a pair of large horns on your head.
You are mostly covered in thin metallic scales. (AC +3)
You are completely attuned to the shadows.
Your magical and physical power is slightly enhanced at high health.
When hurt, damage is shared between your health and your magic reserves.
You regenerate magic rapidly.


Message History

You block something's attack.
There are monsters nearby!
Evoke which item? (* to show all) (? for menu, Esc to quit)
Aiming: Scattershot
Press: ? - help, Shift-Dir - straight line, f - curse skull
Aim: a curse skull (almost destroyed)
The burst of metal fragments hits the curse skull but does no damage. x6
The curse skull is almost destroyed.
You block the freezing wraith's attack. The freezing wraith misses you.
The shadow strikes at you from the darkness!
The hungry ghost misses you. The shadow completely misses you.
The wraith hits you but does no damage. Something hits you but does no damage.
Something bites you but does no damage.
The freezing wraith hits you but does no damage.
The freezing wraith misses you.
The ice dragon simulacrum closely misses you.
The ice dragon simulacrum claws you but does no damage.
The ice dragon simulacrum misses you.
The shadow strikes at you from the darkness!
You die...

.............
##........
#..######
#..#.... .#
#..#.... #####.#
#..'.... .....=#
#..#.... ...WZ{#
#..#.... ..Wz@{#
#..##### ...WWW#
#......
....Z.#####...###
..............#
######........#
#......#####
#..........#
#......###.#
#...####...#


You could see a flayed ghost, a curse skull, a freezing wraith, a hungry ghost,
a wraith, a shadow, an ice dragon simulacrum and a black mamba skeleton.

Vanquished Creatures
  Nikola (Swamp:2)
  A bone dragon (Swamp:4)
  Arachne (Spider:2)
  Rupert (Lair:6)
  A deep elf blademaster (Vaults:4)
  2 titans (Vaults:2)
  An ancient champion (Crypt:1)
  A fire giant (Vaults:2)
  8 vault wardens
  2 ghost moths (Spider:4)
  5 frost giants
  Aizul (Crypt:1)
  2 orc warlords (Vaults:4)
  5 emperor scorpions
  5 ghouls
  14 ironheart preservers
  6 stone giants
  A war gargoyle (Vaults:2)
  3 very ugly things (Vaults:1)
  5 entropy weavers
  A deep elf annihilator (Vaults:2)
  A white draconian (Vaults:2)
  4 minotaurs
  A deep elf death mage (Vaults:3)
  A merfolk javelineer (Vaults:2)
  4 ettins
  4 fire dragons
  3 yaktaur captains
  2 great orbs of eyes
  A jiangshi (Crypt:1)
  A rakshasa (Vaults:3)
  14 hydras
  Erolcha (Orc:1)
  8 ogre magi
  8 vault guards
  2 shambling mangroves
  2 ghost crabs (Swamp:4)
  3 ice dragons
  A death knight (Vaults:1)
  5 death yaks (Lair:5)
  A dancing weapon (Vaults:2)
  19 two-headed ogres
  11 alligators
  7 centaur warriors
  7 orc high priests (Orc:2)
  A queen ant (Lair:6)
  2 tengu warriors
  A deep troll earth mage (Vaults:2)
  Urug (Orc:1)
  9 deep elf knights
  Sonja (Orc:1)
  A sun demon (Lair:6)
  A fire crab (Lair:6)
  5 skeletal warriors
  2 shadow wraiths
  A sixfirhy (Orc:2)
  3 unseen horrors
  3 deep trolls
  2 spriggan druids
  6 swamp dragons
  A gelid demonspawn (Orc:2)
  A torturous demonspawn (Orc:2)
  4 wizards
  18 ironbrand convokers
  5 deep elf archers
  A glowing orange brain (Vaults:3)
  An infernal demonspawn (Orc:2)
  14 orc knights
  4 spectral hydras (Swamp:4)
  Pikel (D:7)
  2 necromancers
  A harpy (shapeshifter) (Vaults:3)
  15 orb spiders
  8 orc sorcerers
  A golden dragon skeleton (Crypt:1)
  30 ugly things
  38 wolf spiders
  A phantasmal warrior (Swamp:4)
  14 deep elf magi
  3 manticores
  A stone giant zombie (Vaults:2)
  An iron dragon zombie (Crypt:1)
  A human zombie (Vaults:2)
  5 oklob plants
  3 moths of wrath
  8 cyclopes
  2 iron dragon skeletons (Crypt:1)
  7 black mambas
  2 centaur zombies
  11 vault sentinels
  4 elephants (Lair:6)
  A smoke demon (Orc:2)
  27 spiny frogs
  A gargoyle (D:14)
  4 torpor snails
  23 demonic crawlers
  An orange demon (Lair:6)
  7 komodo dragons
  3 swamp worm zombies (Swamp:4)
  15 rime drakes
  19 yaktaurs
  2 red devils
  A merfolk (shapeshifter) (Vaults:3)
  3 ice devils (Lair:6)
  2 freezing wraiths
  A tengu conjurer (D:11)
  A troll (shapeshifter) (Vaults:4)
  4 hydra zombies (Swamp:4)
  A hellwing (Lair:6)
  A yaktaur skeleton (Vaults:2)
  A polar bear (shapeshifter) (Vaults:4)
  12 tyrant leeches
  A hornet (shapeshifter) (Vaults:3)
  4 trolls
  A merfolk (Vaults:2)
  20 blink frogs
  37 jumping spiders
  A jumping spider (shapeshifter) (D:15)
  22 hornets
  17 dream sheep
  A meliai zombie (D:15)
  A blink frog (shapeshifter) (Vaults:2)
  22 bog bodies
  An ice dragon zombie (Crypt:1)
  3 spectral swamp dragons (Swamp:4)
  39 slime creatures
  7 hippogriffs
  91 redbacks
  2 alligator zombies (Swamp:4)
  2 shadows
  39 yaks
  23 tarantellas
  A vampire (D:10)
  A tarantella (shapeshifter) (Vaults:4)
  A water elemental (D:13)
  2 wraiths
  A ynoxinul (Orc:2)
  10 spriggans
  A wyvern (D:15)
  7 basilisks
  9 steam dragons (Lair:4)
  14 swamp worms
  11 vampire mosquitoes
  7 wargs
  Menkaure (D:7)
  An acid dragon (D:8)
  Edmund (D:6)
  4 hell hounds (Lair:6)
  22 insubstantial wisps
  9 soldier ants
  8 water moccasins
  3 swamp drakes (Swamp:2)
  6 porcupines
  41 orc warriors
  3 sky beasts
  3 slaves (D:7)
  8 ice beasts
  2 black bears
  An eye of draining (shapeshifter) (Vaults:2)
  3 swamp dragon zombies (Swamp:4)
  A hornet zombie (D:14)
  4 necrophages (Swamp:3)
  25 ogres
  5 phantoms (Swamp:4)
  2 eyes of draining
  11 centaurs
  A crocodile (shapeshifter) (Vaults:4)
  33 wolves (Lair:1)
  22 crocodiles
  A big kobold (D:9)
  A human skeleton (Vaults:2)
  18 bullfrogs
  A hippogriff zombie (Crypt:1)
  A wyvern skeleton (D:13)
  A scorpion (shapeshifter) (Vaults:1)
  6 scorpions
  19 killer bees
  6 wights
  2 electric eels
  7 howler monkeys
  6 crimson imps
  4 bullfrog zombies
  7 jellies
  11 hounds
  2 quasits
  A gnoll shaman (D:5)
  Crazy Yiuf (D:7)
  26 orc priests
  4 bullfrog skeletons
  6 centaur skeletons
  6 iguanas
  17 orc wizards
  A spectral swamp drake (Swamp:4)
  27 worker ants
  A killer bee zombie (D:6)
  A dwarf skeleton (Crypt:1)
  A hound skeleton (D:5)
  5 mummies
  2 worker ant zombies
  13 adders
  7 gnolls
  3 shadow imps (D:8)
  2 oozes (Lair:6)
  An adder zombie (D:7)
  3 adder skeletons (D:4)
  3 worms
  3 dart slugs
  8 leopard geckos
  79 orcs
  5 giant cockroaches
  A gnoll zombie (Ossuary)
  7 goblins
  4 hobgoblins
  8 jackals
  9 kobolds
  10 quokkas
  3 ball pythons
  5 bats
  A frilled lizard (D:2)
  8 hobgoblin zombies
  A jackal skeleton (D:5)
  7 kobold zombies
  2 orc zombies
  A quokka skeleton (D:4)
  6 rats
  A river rat skeleton (Crypt:1)
  2 plants
1569 creatures vanquished.

Vanquished Creatures (others)
  A deep elf blademaster (Vaults:2)
  2 deep elf master archers (Vaults:2)
  A yaktaur captain (Vaults:2)
  A centaur warrior (D:15)
  2 deep elf archers
  2 cyclopes
  2 rime drakes (Lair:4)
  4 yaktaurs
  A redback (Spider:4)
  A swamp worm (Swamp:4)
  An ogre (Vaults:2)
  2 centaurs
  An orc wizard (Vaults:4)
  2 orcs
  8 fungi
  11 plants
42 creatures vanquished.

Grand Total: 1611 creatures vanquished

Notes
Turn   | Place    | Note
-------+----------+-------------------------------------------
     0 | D:1      | Nico3ck the Demonspawn Gladiator began the quest for the
                  | Orb.
     0 | D:1      | Reached XP level 1. HP: 16/16 MP: 1/1
   151 | D:1      | Gained mutation: When hurt, damage is shared between your
                  | health and your magic reserves. [demonic ancestry]
   151 | D:1      | Reached XP level 2. HP: 20/22 MP: 2/2
   466 | D:1      | You fall into a shaft and drop 1 floor!
   478 | D:2      | Reached XP level 3. HP: 27/27 MP: 3/3
  1222 | D:3      | Found a sacrificial altar of Ru.
  1279 | D:3      | Gained mutation: You are slightly more attuned to the
                  | shadows. [demonic ancestry]
  1279 | D:3      | Reached XP level 4. HP: 33/33 MP: 4/4
  1352 | D:3      | Reached skill level 5 in Axes
  1352 | D:3      | Gained mutation: You are significantly more attuned to the
                  | shadows. [demonic ancestry]
  1352 | D:3      | Reached XP level 5. HP: 11/38 MP: 3/5
  2615 | D:4      | Gained mutation: You have a pair of small horns on your
                  | head. [demonic ancestry]
  2615 | D:4      | Reached XP level 6. HP: 6/44 MP: 2/6
  3006 | D:4      | Found a sand-covered staircase.
  3048 | Ossuary  | Entered an ossuary
  3048 | Ossuary  | Noticed a wraith
  3048 | Ossuary  | Noticed a wraith
  3384 | Ossuary  | Noticed a wraith
  3398 | Ossuary  | Killed a wraith
  3398 | Ossuary  | Reached skill level 1 in Armour
  3398 | Ossuary  | Reached XP level 7. HP: 15/50 MP: 1/7
  3811 | Ossuary  | Noticed a wraith
  4817 | D:4      | Got a twisted buckler
  4823 | D:4      | Identified the +3 buckler of Greed {rF+} (You found it on
                  | level 4 of the Dungeon)
  4842 | D:5      | Entered Level 5 of the Dungeon
  4900 | D:5      | Found a staircase to the Ecumenical Temple.
  4920 | D:5      | Reached skill level 1 in Shields
  4950 | Temple   | Entered the Ecumenical Temple
  5251 | D:5      | Found a shattered altar of Ashenzari.
  5268 | D:5      | Gained mutation: You have a pair of horns on your head.
                  | [demonic ancestry]
  5268 | D:5      | Reached XP level 8. HP: 52/56 MP: 6/8
  5299 | D:5      | Found a stormy altar of Qazlal.
  5301 | D:5      | Found a deep blue altar of Sif Muna.
  5303 | D:5      | Found a shattered altar of Ashenzari.
  6430 | D:6      | Found a sparkling altar of Nemelex Xobeh.
  6474 | D:6      | Got a fine hand crossbow
  6475 | D:6      | Identified the +7 hand crossbow of a wizard's laboratory
                  | {penet, *Drain +Fly Dex+6 SInv} (You found it on level 6 of
                  | the Dungeon)
  6591 | D:6      | Noticed Edmund
  6603 | D:6      | Killed Edmund
  6825 | D:6      | Reached skill level 10 in Axes
  6825 | D:6      | Gained mutation: You are partially covered in thin metallic
                  | scales. (AC +2) [demonic ancestry]
  6825 | D:6      | Reached XP level 9. HP: 56/61 MP: 7/9
  6949 | D:6      | Found a sparkling altar of Nemelex Xobeh.
  7370 | D:7      | Noticed Menkaure
  7377 | D:7      | Killed Menkaure
  7408 | D:7      | Found an ancient bone altar of Kikubaaqudgha.
  7409 | D:7      | Found a blossoming altar of Fedhas.
  7787 | D:7      | Noticed Pikel
  7807 | D:7      | Killed Pikel
  7807 | D:7      | Reached skill level 3 in Fighting
  7996 | D:7      | Found a runed translucent door.
  7998 | D:7      | Noticed Crazy Yiuf
  8016 | D:7      | Killed Crazy Yiuf
  8061 | D:7      | Noticed a troll
  8071 | D:7      | Killed a troll
  8071 | D:7      | Reached skill level 4 in Fighting
  8117 | D:7      | Gained mutation: You are mostly covered in thin metallic
                  | scales. (AC +3) [demonic ancestry]
  8117 | D:7      | Reached XP level 10. HP: 63/73 MP: 7/10
  8666 | D:8      | Reached skill level 5 in Fighting
  8667 | D:8      | Found Xaikyidy's Antique Weapon Shop.
  8987 | D:8      | Found an iron altar of Okawaru.
  9001 | D:8      | Became a worshipper of Warmaster Okawaru
  9028 | D:8      | Reached skill level 6 in Fighting
  9131 | D:8      | Reached skill level 1 in Invocations
  9139 | D:8      | Reached skill level 1 in Evocations
  9695 | D:9      | Found a hazy altar of Hepliaklqana.
  9881 | D:9      | Found a staircase to the Orcish Mines.
 10001 | D:9      | Found Pyjahauw's Magic Scroll Shop.
 10091 | D:9      | Found a radiant altar of Vehumet.
 10136 | D:9      | Noticed a cyclops
 10151 | D:9      | Killed a cyclops
 10151 | D:9      | Reached * piety under Okawaru
 10151 | D:9      | Reached skill level 7 in Fighting
 10692 | Orc:1    | Entered Level 1 of the Orcish Mines
 10733 | Orc:1    | Reached skill level 8 in Fighting
 10823 | Orc:1    | Noticed Urug
 10964 | D:10     | Entered Level 10 of the Dungeon
 11035 | D:10     | Paralysed by a hornet for 2 turns
 11250 | D:10     | Got a steaming diamond amulet
 11260 | D:10     | Identified the amulet of Rifaih {Reflect rF+ MR+ Dex+3
                  | SH+4} (You found it on level 10 of the Dungeon)
 11307 | D:10     | Reached ** piety under Okawaru
 11307 | D:10     | Reached skill level 9 in Fighting
 11490 | D:8      | Bought a faintly glowing demon trident for 660 gold pieces
 11490 | D:8      | Identified the +8 demon trident of the Imperium {elec, rC+
                  | MP+9} (You bought it in a shop on level 8 of the Dungeon)
 11826 | D:11     | Noticed a tengu warrior
 11831 | D:11     | Reached skill level 1 in Polearms
 11841 | D:11     | Killed a tengu warrior
 11841 | D:11     | Reached XP level 11. HP: 78/89 MP: 12/12
 11843 | D:11     | Reached *** piety under Okawaru
 12006 | D:11     | Reached skill level 5 in Polearms
 12041 | D:11     | Reached **** piety under Okawaru
 12061 | D:11     | Found a staircase to the Lair.
 12254 | D:11     | Reached skill level 10 in Fighting
 12493 | D:11     | Noticed a two-headed ogre
 12500 | D:11     | Killed a two-headed ogre
 12500 | D:11     | Reached skill level 5 in Invocations
 12850 | D:12     | Noticed a skeletal warrior
 12894 | Lair:1   | Entered Level 1 of the Lair of Beasts
 12998 | Lair:1   | Noticed a spriggan rider
 13001 | Lair:1   | Reached ***** piety under Okawaru
 13078 | Lair:1   | Gained mutation: You have a pair of large horns on your
                  | head. [demonic ancestry]
 13078 | Lair:1   | Reached XP level 12. HP: 72/97 MP: 18/18
 13261 | Lair:1   | Reached skill level 5 in Armour
 13261 | Lair:1   | Reached skill level 5 in Dodging
 13316 | Lair:1   | Found a transporter.
 13357 | Lair:1   | Found an iron altar of Okawaru.
 13390 | Lair:1   | Found a transporter.
 13893 | Lair:1   | Received a gift from Okawaru
 13902 | Lair:1   | Got a pair of faintly glowing gloves
 13933 | Lair:1   | Identified the cursed +0 pair of gloves of Lilacs {*Contam
                  | rPois rN+} (You found it on level 1 of the Lair of Beasts)
 14693 | Lair:2   | Noticed a five-headed hydra
 14699 | Lair:2   | Killed a five-headed hydra
 15026 | Lair:3   | Reached ****** piety under Okawaru
 15200 | Lair:3   | Received a gift from Okawaru
 15634 | Lair:3   | Gained mutation: You regenerate magic rapidly. [demonic
                  | ancestry]
 15634 | Lair:3   | Reached XP level 13. HP: 81/104 MP: 19/19
 15670 | Lair:3   | Found a staircase to the Swamp.
 16032 | Lair:4   | Received a gift from Okawaru
 16177 | Lair:4   | Reached skill level 11 in Fighting
 16192 | Lair:4   | Received a gift from Okawaru
 16268 | Lair:4   | Noticed a fire dragon
 16284 | Lair:4   | Killed a fire dragon
 16284 | Lair:4   | Reached skill level 12 in Fighting
 16810 | Lair:4   | Found a hole to the Spider Nest.
 17179 | Lair:4   | Identified a scroll of acquirement
 17461 | Lair:5   | Reached skill level 13 in Fighting
 17879 | Lair:5   | Reached skill level 14 in Fighting
 18861 | Lair:6   | Entered Level 6 of the Lair of Beasts
 18886 | Lair:6   | Gained mutation: You are completely attuned to the shadows.
                  | [demonic ancestry]
 18886 | Lair:6   | Reached XP level 14. HP: 121/121 MP: 20/20
 18973 | Lair:6   | Reached skill level 1 in Stealth
 19017 | Lair:6   | Received a gift from Okawaru
 19477 | Lair:6   | Reached skill level 15 in Fighting
 19609 | Lair:6   | Noticed an entropy weaver
 19618 | Lair:6   | Killed an entropy weaver
 19692 | Lair:6   | Noticed an entropy weaver
 19700 | Lair:6   | Killed an entropy weaver
 19797 | Lair:6   | Noticed Rupert
 19807 | Lair:6   | Killed Rupert
 20065 | Lair:6   | Found a runed translucent door.
 20087 | Lair:6   | Found a viscous altar of Jiyva.
 20108 | Lair:6   | Found a staircase to the Slime Pits.
 20194 | Lair:6   | Received a gift from Okawaru
 20303 | Lair:6   | Found a burning altar of Makhleb.
 20315 | Lair:6   | Found a gateway to Hell.
 20990 | D:12     | Reached XP level 15. HP: 126/130 MP: 21/21
 21267 | Orc:1    | Noticed Erolcha
 21271 | Orc:1    | Killed Erolcha
 21271 | Orc:1    | Reached skill level 16 in Fighting
 21376 | Orc:2    | Entered Level 2 of the Orcish Mines
 21384 | Orc:1    | Noticed Sonja
 21432 | Orc:1    | Killed Urug
 21462 | Orc:1    | Reached skill level 10 in Polearms
 21517 | Orc:1    | Killed Sonja
 22150 | Orc:2    | Received a gift from Okawaru
 22151 | Orc:2    | Got a pair of smoking gloves {god gift}
 22595 | Orc:2    | Found Ciulowoy's Distillery.
 22596 | Orc:2    | Found Cuhamysu's Food Shoppe.
 22898 | Orc:2    | Bought a potion of haste for 100 gold pieces
 22898 | Orc:2    | Bought a potion of might for 40 gold pieces
 22948 | Orc:2    | Found Koaxky's Book Shop.
 22948 | Orc:2    | Found Tuuggowo's Antique Armour Boutique.
 22956 | Orc:2    | Found a one-way gate leading to the halls of Pandemonium.
 22966 | Orc:2    | Bought a pair of dazzling boots for 256 gold pieces
 22976 | Orc:2    | Identified the -3 pair of boots "Loca" {Int+4 Dex+2} (You
                  | bought it in a shop on level 2 of the Orcish Mines)
 22982 | Orc:2    | Bought a pair of embroidered boots for 202 gold pieces
 23087 | Orc:2    | Found a staircase to the Elven Halls.
 23769 | D:13     | Received a gift from Okawaru
 23923 | D:13     | Found a gate to the Vaults.
 24842 | D:14     | Found a white marble altar of Elyvilon.
 25610 | D:15     | Entered Level 15 of the Dungeon
 25742 | D:15     | Reached XP level 16. HP: 138/138 MP: 22/22
 25933 | D:15     | Identified the +2 pair of gloves "Xaept" {Regen+ Stlth+}
                  | (Okawaru gifted it to you on level 2 of the Orcish Mines)
 26408 | D:15     | Found a staircase to the Depths.
 26705 | Swamp:1  | Entered Level 1 of the Swamp
 27469 | Swamp:2  | Received a gift from Okawaru
 27491 | Swamp:2  | Noticed Nikola
 27506 | Swamp:2  | Killed Nikola
 27506 | Swamp:2  | Reached skill level 10 in Armour
 27506 | Swamp:2  | Reached skill level 10 in Dodging
 27714 | Swamp:2  | Reached skill level 5 in Stealth
 28584 | Swamp:3  | Received a gift from Okawaru
 30065 | Swamp:4  | Entered Level 4 of the Swamp
 30114 | Swamp:4  | Gained mutation: Your magical and physical power is
                  | slightly enhanced at high health. [demonic ancestry]
 30114 | Swamp:4  | Reached XP level 17. HP: 134/144 MP: 23/23
 31321 | Slime:1  | Entered Level 1 of the Pits of Slime
 31547 | Swamp:4  | Noticed a bone dragon
 31571 | Swamp:4  | Killed a bone dragon
 31571 | Swamp:4  | Received a gift from Okawaru
 31952 | Swamp:4  | Got a decaying rune of Zot
 32142 | Spider:1 | Entered Level 1 of the Spider Nest
 32555 | Spider:1 | Reached skill level 1 in Crossbows
 32748 | Spider:1 | Received a gift from Okawaru
 32749 | Spider:1 | Found the +14 obsidian axe {chop, +Fly SInv *Curse}
 32919 | Spider:1 | Reached skill level 5 in Crossbows
 33540 | Spider:2 | Received a gift from Okawaru
 33552 | Spider:2 | Got a bound silver ring
 33554 | Spider:2 | Identified the ring of Conformity {*Corrode rN+ AC+3 Str+5
                  | Int+2} (You found it on level 2 of the Spider Nest)
 33936 | Spider:2 | Reached skill level 10 in Crossbows
 33978 | Spider:2 | Noticed Arachne
 33995 | Spider:2 | Killed Arachne
 34374 | Spider:3 | Received a gift from Okawaru
 34421 | Spider:3 | Reached XP level 18. HP: 151/151 MP: 24/24
 34449 | Spider:3 | Received a gift from Okawaru
 35323 | Spider:4 | Entered Level 4 of the Spider Nest
 35452 | Spider:4 | Received a gift from Okawaru
 36169 | Spider:4 | Got a gossamer rune of Zot
 36798 | Vaults:1 | Entered Level 1 of the Vaults
 37082 | Vaults:1 | Learned a level 3 spell: Dazzling Spray
 37519 | Vaults:1 | Reached skill level 1 in Conjurations
 37519 | Vaults:1 | Reached skill level 1 in Hexes
 37539 | Vaults:1 | Reached skill level 1 in Spellcasting
 37587 | Vaults:1 | HP: 6/153 [something (6)]
 37587 | Vaults:1 | HP: 1/153 [something (5)]
 37591 | Vaults:1 | Received a gift from Okawaru
 38480 | Vaults:2 | Reached XP level 19. HP: 159/159 MP: 25/25
 38530 | Vaults:2 | Received a gift from Okawaru
 38783 | Vaults:2 | Received a gift from Okawaru
 38914 | Vaults:2 | You fall into a shaft and drop 2 floors!
 38922 | Vaults:4 | Found Hatear's Assorted Antiques.
 38925 | Vaults:4 | Bought a metal-bound book for 450 gold pieces
 38925 | Vaults:4 | Bought a papyrus book for 450 gold pieces
 38925 | Vaults:4 | Bought a potion of might for 120 gold pieces
 39003 | Vaults:4 | Reached skill level 5 in Hexes
 39084 | Vaults:4 | Reached skill level 5 in Conjurations
 39832 | Vaults:3 | HP: 5/159 [something (8)]
 40023 | Vaults:3 | Got a transparent rapier
 40024 | Vaults:3 | Identified the cursed +2 rapier "Ilettoso" {pierce, +Rage
                  | rElec MR+ Str+6} (You found it on level 3 of the Vaults)
 40365 | Lair:6   | Fell from the grace of Okawaru
 40365 | Lair:6   | Became a worshipper of Makhleb the Destroyer
 41099 | Vaults:2 | Reached * piety under Makhleb
 41406 | Vaults:2 | HP: 3/159 [titan[the fury of Okawaru] (16)]
 42082 | Vaults:2 | Reached skill level 5 in Spellcasting
 42646 | Vaults:3 | Reached ** piety under Makhleb
 42798 | Vaults:3 | Found a staircase to the Crypt.
 42798 | Vaults:3 | Found an ancient bone altar of Kikubaaqudgha.
 42798 | Vaults:3 | Found a basalt altar of Yredelemnul.
 43018 | Vaults:3 | Reached skill level 17 in Fighting
 43021 | Vaults:3 | Reached XP level 20. HP: 168/168 MP: 22/28
 44404 | Vaults:4 | Learned a level 3 spell: Spectral Weapon
 44527 | Vaults:4 | Reached *** piety under Makhleb
 44531 | Vaults:4 | Reached skill level 1 in Charms
 45447 | Crypt:1  | Entered Level 1 of the Crypt
 45458 | Crypt:1  | Noticed Aizul
 45465 | Crypt:1  | Killed Aizul
 45859 | Crypt:1  | HP: 5/168 [something (6)]
 45861 | Crypt:1  | HP: 1/168 [freezing wraith[a curse skull] (3)]
 45862 | Crypt:1  | Demolished by a shadow

Levels and vault maps discovered:
D:1:      grunt_arrival_lava_bath, layout_basic
D:2:      layout_rooms
D:3:      layout_loops_ring, nicolae_ru_path_of_blood
D:4:      layout_loops_cross, nicolae_ossuary_entry_giza,
          minmay_manual_monstrance
D:5:      kennysheep_six_static_rooms, layout_rooms, minitemple, basic_altar,
          first_ration, minmay_mini_ossuary
D:6:      layout_gridville, nemelex_xobeh_ov_fountains_minmay,
          nemelex_lonely_heart_becter, uniq_edmund
D:7:      cheibrodos_quashed, layout_layer_cave,
          grunt_temple_overflow_growth_and_decay, the_bakery,
          hangedman_decor_growths, uniq_pikel, uniq_menkaure,
          uniq_crazy_yiuf_cottage
D:8:      layout_loops_ring, kennysheep_mini, serial_shops,
          nicolae_shop_overgrown_old_shop, st_stairs_12
D:9:      layout_gridville, lemuel_doored_altar, marbit_many_paths, orc_0_dummy,
          serial_shops, shop_coins
D:10:     lemuel_flame_loot_2, layout_basic
D:11:     layout_loops_cross, minmay_lair_entry_grove
D:12:     layout_basic
D:13:     layout_basic, skrybe_vaults_entry_preservation,
          minmay_misc_feat_plants
D:14:     wad_river_or_something, layout_long_grid, basic_altar, minivault_26
D:15:     grunt_enter_depths_snipers, layout_loops_cross,
          minmay_misc_feat_more_columns
Temple:   dshaligram_water_room_temple
Lair:1:   gammafunk_cloud_chamber, layout_chaotic_city, basic_altar,
          grunt_forest_large_clearings
Lair:2:   layout_regular_city, minmay_lair_oklob_bushes, grunt_megastairs_4
Lair:3:   layout_regular_city, minmay_swamp_entry_reptiles,
          minmay_lair_oklob_chamber
Lair:4:   layout_cave_pods, spider_nest_entry_rubble, bobbens_dragon_lair_wall
Lair:5:   layout_regular_city, chequers_serial_rivers_micro_b, nzn_random_ring,
          infiniplex_staircase_pool_2
Lair:6:   evil_forest, layout_misc_corridors, slime_altar_2,
          minmay_another_anthill, uniq_rupert
Swamp:1:  layout_falls_marsh, evilmike_swamp_ruin_house_4
Swamp:2:  layout_basic_swamp, evilmike_swamp_ruin_house_3,
          nicolae_swamp_fairy_circle, swamp_pool1, hangedman_swamp_cone,
          hangedman_swamp_pad, uniq_nikola
Swamp:3:  layout_falls_marsh, hangedman_swamp_blocks, swamp_pool1,
          hangedman_swamp_ravenous, infiniplex_staircase_pool
Swamp:4:  swamp_pestilence, layout_basic_swamp
Spider:1: layout_spider_delve, nicolae_crawler_farm,
          hangedman_spider_tarantella_strand
Spider:2: layout_spider_delve, uniq_arachne
Spider:3: layout_spider_delve
Spider:4: guppyfry_spider_rune, drop_trap
Slime:1:  layout_caves
Orc:1:    layout_caves, uniq_erolcha, uniq_urug, uniq_sonja
Orc:2:    pf_orc_diabolical, layout_diamond_mine
Vaults:1: nicolae_vaults_lopsided_apartments, hangedman_vaults_variations,
          v_pattern_2, nicolae_vaults_stairing_the_circle,
          hangedman_vaults_corner_blocks, v_misc_5, v_rooms_4,
          hangedman_vaults_trim, vaults_room_fancy_cross,
          ontoclasm_vaults_decontamination, v_misc_15, grunt_vaults_diagonal,
          nicolae_vaults_little_squares_2, layout_vaults_maze
Vaults:2: v_misc_33, dpeg_vaults_waves, hangedman_vaults_pinch,
          ontoclasm_vaults_tryst, ontoclasm_vaults_eye, hangedman_vaults_cutoff,
          layout_vaults_omnigrid
Vaults:3: nicolae_vaults_angled_halls, minmay_crypt_entry_necro_gods, v_misc_33,
          v_rooms_1, nicolae_vaults_ninety_degrees, vaults_room_fancy_cross,
          nicolae_vaults_little_squares_5, v_rooms_5, vaults_mumra_minichess,
          vaults_room_grunt_arrival_ludios, layout_vaults_ring
Vaults:4: v_pattern_1, nicolae_vaults_circle_grid_b,
          nicolae_vaults_network_barrier, nicolae_vaults_network_star,
          nicolae_vaults_little_squares_4, hangedman_vaults_impose,
          layout_vaults_chaotic_city, serial_shops, nicolae_shop_behind_doors
Crypt:1:  layout_chaotic_city, hex_tiny, minmay_misc_feat_ornament,
          grunt_crypt_arrival_split, uniq_aizul

Skill      XL: |  1  2  3  4  5  6  7  8  9 10 11 12 13 14 15 16 17 18 19 20 |
---------------+-------------------------------------------------------------+-----
Throwing       | 2 |  2.0
Axes           | 3 4 5 6 8 10 11 | 11.0
Armour         | 1 2 4 8 11 12 13 | 13.6
Shields        | 1 4 |  4.0
Dodging        | 4 8 11 12 13 | 13.6
Fighting       | 4 9 10 14 15 16 17 | 17.3
Invocations    | 2 9 |  9.0
Evocations     | 2 |  2.1
Polearms       | 3 5 9 12 | 12.5
Stealth        | 4 7 8 |  8.0
Crossbows      | 10 11 12 | 12.0
Conjurations   | 3 8 |  8.0
Hexes          | 3 8 |  8.0
Spellcasting   | 3 5 7 |  7.0
Charms         | 3 |  3.6

Action                   |  1- 3 |  4- 6 |  7- 9 | 10-12 | 13-15 | 16-18 | 19-21 || total
-------------------------+-------+-------+-------+-------+-------+-------+-------++-------
Melee: War axe           |    62 |   145 |   361 |   218 |       |       |       ||   786
       Headbutt          |       |    14 |    65 |   109 |   224 |   424 |   289 ||  1125
       Demon trident     |       |       |       |   447 |  1271 |  1989 |  1215 ||  4922
 Fire: Hand crossbow     |       |       |       |       |       |    32 |    30 ||    62
Throw: Dart              |    89 |    89 |   202 |   273 |   123 |   430 |       ||  1206
       Stone             |       |    37 |    21 |       |   169 |     7 |       ||   234
       Throwing net      |       |       |       |       |     5 |       |       ||     5
 Cast: Dazzling Spray    |       |       |       |       |       |       |    34 ||    34
       Spectral Weapon   |       |       |       |       |       |       |     5 ||     5
Invok: Heroism           |       |       |       |     9 |     9 |    10 |     1 ||    29
       Finesse           |       |       |       |       |     4 |     1 |     1 ||     6
Evoke: Wand              |       |       |       |     1 |     2 |       |     1 ||     4
  Use: Scroll            |     9 |     6 |     4 |     8 |    10 |    13 |     6 ||    56
       Potion            |       |     2 |       |     2 |     1 |     3 |     4 ||    12
 Stab: Distracted        |       |     1 |       |       |     2 |     4 |     2 ||     9
       Sleeping          |       |       |     3 |     3 |     6 |    21 |    31 ||    64
       Paralysed         |       |       |       |       |     1 |       |       ||     1
       Held in net/web   |       |       |       |       |       |     1 |       ||     1
       Invisible         |       |       |       |       |       |       |    12 ||    12
  Eat: Chunk             |     1 |     5 |    14 |    24 |    29 |    26 |    18 ||   117
       Ration            |       |     1 |       |       |     1 |     5 |     3 ||    10
Armor: Leather armour    |     7 |       |       |       |       |       |       ||     7
       Ring mail         |    18 |    22 |    82 |   121 |       |       |       ||   243
       Scale mail        |       |    30 |    35 |       |       |       |       ||    65
       Plate armour      |       |       |       |    34 |    10 |       |       ||    44
       Chain mail        |       |       |       |       |   158 |       |       ||   158
       Troll leather arm |       |       |       |       |    50 |   345 |   199 ||   594
Dodge: Dodged            |    35 |    59 |   131 |   238 |   397 |   920 |   434 ||  2214
Block: Buckler           |       |       |   103 |   267 |   531 |   852 |   430 ||  2183
       Reflection        |       |       |       |     4 |    35 |    40 |    34 ||   113

Table legend:
 A = Non-vault XP
 B = Vault XP
 C = Vault XP percentage of total XP
 D = Non-vault monster count
 E = Vault monster count
 F = Vault count percentage of total count
                 A         B        C        D         E       F
            +---------+---------+-------+---------+---------+-------
      Total |  317729 |  208808 |  39.7 |    1050 |     489 |  31.8
            +---------+---------+-------+---------+---------+-------
        D:1 |      28 |       0 |   0.0 |      16 |       0 |   0.0
        D:2 |      63 |       0 |   0.0 |      15 |       0 |   0.0
        D:3 |     284 |       0 |   0.0 |      27 |       0 |   0.0
        D:4 |     516 |      90 |  14.9 |      24 |       6 |  20.0
        D:5 |     744 |     210 |  22.0 |      17 |      11 |  39.3
        D:6 |     736 |     158 |  17.7 |      25 |       1 |   3.8
        D:7 |    1473 |    1048 |  41.6 |      25 |       4 |  13.8
        D:8 |    1355 |     103 |   7.1 |      26 |       2 |   7.1
        D:9 |    1323 |      37 |   2.7 |      19 |       1 |   5.0
       D:10 |    1266 |       0 |   0.0 |      11 |       0 |   0.0
       D:11 |    5441 |    1826 |  25.1 |      42 |      12 |  22.2
       D:12 |    5183 |       0 |   0.0 |      16 |       0 |   0.0
       D:13 |    5531 |    3703 |  40.1 |      23 |       9 |  28.1
       D:14 |    5737 |    2205 |  27.8 |      16 |       9 |  36.0
       D:15 |   10660 |    2990 |  21.9 |      32 |       3 |   8.6
     Lair:1 |    4193 |    7207 |  63.2 |      20 |      40 |  66.7
     Lair:2 |    2323 |     638 |  21.5 |       8 |       2 |  20.0
     Lair:3 |    4695 |    1761 |  27.3 |      18 |       7 |  28.0
     Lair:4 |    1984 |    7287 |  78.6 |      10 |      24 |  70.6
     Lair:5 |   11231 |    4041 |  26.5 |      34 |      11 |  24.4
     Lair:6 |   17589 |   19019 |  52.0 |      58 |      56 |  49.1
    Swamp:1 |    6701 |       0 |   0.0 |      17 |       0 |   0.0
    Swamp:2 |   12838 |    4295 |  25.1 |      34 |       1 |   2.9
    Swamp:3 |   18886 |    4175 |  18.1 |      47 |      13 |  21.7
    Swamp:4 |   11599 |   15261 |  56.8 |      35 |      41 |  53.9
   Spider:1 |   18538 |    2358 |  11.3 |      54 |       7 |  11.5
   Spider:2 |   19148 |    3438 |  15.2 |      58 |       1 |   1.7
   Spider:3 |   17849 |       0 |   0.0 |      53 |       0 |   0.0
   Spider:4 |    9956 |   21037 |  67.9 |      32 |      37 |  53.6
    Slime:1 |    2710 |       0 |   0.0 |       8 |       0 |   0.0
      Orc:1 |    7778 |    2090 |  21.2 |      42 |       5 |  10.6
      Orc:2 |    4614 |   16691 |  78.3 |      25 |      56 |  69.1
   Vaults:1 |    4031 |   27868 |  87.4 |      10 |      40 |  80.0
   Vaults:2 |   35772 |   17561 |  32.9 |      48 |      21 |  30.4
   Vaults:3 |   22704 |   34389 |  60.2 |      31 |      46 |  59.7
   Vaults:4 |   27681 |    5356 |  16.2 |      55 |       7 |  11.3
    Crypt:1 |   14569 |    1691 |  10.4 |      19 |       1 |   5.0
    Ossuary |       0 |     275 | 100.0 |       0 |      15 | 100.0
            +---------+---------+-------+---------+---------+-------
